 Dungeon Crawl Stone Soup version 0.29.1-2-gbd0b4ee654 (webtiles) character file.

Game seed: 3499317826426745003

756 H0rd4k the Insei (level 7, 0/48 HPs)
             Began as an Octopode Artificer on Nov 30, 2022.
             Slain by an ogre
             ... wielding a +0 giant spiked club
              (24 damage)
             ... on level 5 of the Dungeon.
             The game lasted 00:05:32 (5175 turns).

H0rd4k the Insei (Octopode Artificer)               Turns: 5175, Time: 00:05:32

Health: 0/48       AC:  1    Str: 11    XL:     7   Next: 79%
Magic:  11/11      EV: 13    Int: 15    God:
Gold:   166        SH:  0    Dex: 13    Spells: 12/12 levels left

rFire   . . .      SeeInvis .     - Unarmed
rCold   . . .      Faith    .   (no shield)
rNeg    . . .      Spirit   .   (helmet restricted)
rPois   .          Reflect  .   (no amulet)
rElec   .          Harm     .   (no ring)
rCorr   .          Rampage  .   (no ring)
Will    .....                   (no ring)
Stlth   +++.......              (no ring)
HPRegen 0.16/turn               (no ring)
MPRegen 0.12/turn               (no ring)
                                (no ring)
                                (no ring)

@: no status effects
A: almost no armour, amphibious, 8 rings, camouflage 1, gelatinous body 1,
(nimble swimmer 1), tentacles
a: no special abilities


You were on level 5 of the Dungeon.
You visited 2 branches of the dungeon, and saw 6 of its levels.

You collected 166 gold pieces.

Inventory:

Missiles
 k - 6 poisoned darts
Armour
 r - an orb of light
Jewellery
 p - an amulet of reflection
 w - a ring of ice
Wands
 b - a wand of flame (10) (quivered)
 c - a wand of charming (12)
 d - a wand of iceblast (3)
Scrolls
 a - a scroll of vulnerability {unknown}
 f - 6 scrolls of identify {unknown}
 l - 2 scrolls of noise {unknown}
 m - 2 scrolls of teleportation {unknown}
 o - a scroll of silence {unknown}
 u - a scroll of amnesia {unknown}
Potions
 e - 2 potions of heal wounds {unknown}
 g - a potion of invisibility {unknown}
 h - 2 potions of curing {unknown}
 i - a potion of mutation {unknown}
 j - a potion of brilliance {unknown}
 n - a potion of attraction {unknown}
 q - 2 potions of resistance {unknown}
 s - a potion of degeneration {unknown}
 t - a potion of haste {unknown}
 v - a potion of lignification {unknown}


   Skills:
 * Level 4.2 Fighting
 - Level 2.3 Dodging
 - Level 1.3 Stealth
 + Level 5.6 Unarmed Combat
 * Level 3.3 Spellcasting
 - Level 3.7 Evocations


You had 12 spell levels left.
You didn't know any spells.
Your spell library contained the following spells:

 Spells                   Type           Power      Damage    Failure   Level
 Gell's Gravitas          Tloc           2%         N/A       52%         3
 Stone Arrow              Conj/Erth      4%         3d7       52%         3
 Teleport Other           Tloc           2%         N/A       52%         3
 Summon Lightning Spire   Summ/Air       2%         N/A       89%         4
 Dispersal                Tloc           1%         N/A       100%        6
 Storm Form               Tmut/Air       1%         N/A       100%        7
 Lehudib's Crystal Spear  Conj/Erth      1%         10d2      100%        8
 Maxwell's Capacitive Co  Air            1%         ∞         100%        8
 Animate Armour           Summ/Erth      Unusable   N/A       N/A         4

Dungeon Overview and Level Annotations

Branches:
Dungeon (5/15)             Temple (1/1) D:4

Altars:
Ashenzari
Cheibriados
Elyvilon
Fedhas
Hepliaklqana
Kikubaaqudgha
Makhleb
Nemelex Xobeh
Qazlal
Ru
Sif Muna
Trog
Uskayaw
Vehumet
Wu Jian
Yredelemnul
Zin
The Shining One

Shops:
D:2 !   D:3 *

Annotations:
D:3 1 transporter


Innate Abilities, Weirdness & Mutations

You cannot wear most types of armour.
You are amphibious.
You can wear up to eight rings at the same time.
Your skin changes colour to match your surroundings (Stealth+).
Your rubbery body absorbs attacks. (AC +1, EV +1)
((You are camouflaged when in or above water. (Stealth+)))
You have tentacles for arms and can constrict up to eight enemies at once.


Message History

You tentacle-slap the iguana. You squeeze the iguana!
The iguana is almost dead.
You constrict the iguana.
You kill the iguana!
No target in view!
No target in view!
You now have 166 gold pieces (gained 9).
w - a ring of ice
There is a shaft here.
A hound comes into view.
A hound is nearby!
An ogre comes into view. It is wielding a +0 giant spiked club.
The ogre shouts!
The hound barks!
The hound misses you.
You tentacle-slap the hound but do no damage.
You grab the hound. You constrict the hound. The hound barely misses you.
You tentacle-slap the hound.
You squeeze the hound, but do no damage.
The hound is moderately wounded.
You constrict the hound. The hound misses you. x2
You tentacle-slap the hound but do no damage.
You squeeze the hound, but do no damage.
The hound is moderately wounded.
You constrict the hound. The hound closely misses you.
You tentacle-slap the hound. You squeeze the hound.
You kill the hound!
You tentacle-slap the ogre. You squeeze the ogre.
The ogre is lightly wounded.
The ogre hits you with a +0 giant spiked club!!
Ouch! That really hurt!
You barely miss the ogre.
The ogre is lightly wounded.
The ogre barely misses you.
You bludgeon the ogre!
The ogre is heavily wounded.
You tentacle-slap the ogre.
The ogre is severely wounded.
The ogre hits you with a +0 giant spiked club!!
Ouch! That really hurt!
You die...

#.# #..........#.# #
#.####.^#######.#.####
#.#.....#######.#.....
#.#.#.................
#..###..#######..#....
#.## ##....####..#..##
#..###..............#
#.#.#..#.######.##.###
#.#..@.#.# #.##....
#.##.#O#.# #.######
#.##.#.# #.# #.##.#..
..# #.#...... ### ..
......# #..##... ...#
....


You could see an ogre.

Vanquished Creatures
  Eustachio (D:4)
  Menkaure (D:4)
  A water moccasin (D:5)
  An ogre (D:5)
  2 hounds (D:5)
  An iguana (D:5)
  An orc wizard (D:5)
  2 gnolls
  7 adders
  A white imp (D:4)
  A worm (D:3)
  2 dart slugs
  10 orcs
  6 endoplasms
  5 giant cockroaches
  4 goblins
  4 hobgoblins
  3 jackals (D:2)
  7 kobolds
  A quokka (D:3)
  7 ball pythons
  6 bats
  6 frilled lizards
  6 rats
86 creatures vanquished.

Vanquished Creatures (collateral kills)
  A gnoll (D:3)
  A ball python (D:4)
2 creatures vanquished.

Vanquished Creatures (others)
  2 gnolls (D:3)
2 creatures vanquished.

Grand Total: 90 creatures vanquished

Notes
Turn   | Place    | Note
-------+----------+-------------------------------------------
     0 | D:1      | H0rd4k the Octopode Artificer began the quest for the Orb.
     0 | D:1      | Reached XP level 1. HP: 13/13 MP: 1/1
    29 | D:1      | Reached XP level 2. HP: 4/18 MP: 2/2
   700 | D:1      | Reached skill level 1 in Spellcasting
   704 | D:1      | Reached XP level 3. HP: 18/24 MP: 4/4
   791 | D:1      | Found a faded altar of an unknown god.
  1155 | D:2      | Reached skill level 1 in Unarmed Combat
  1461 | D:2      | Reached XP level 4. HP: 29/29 MP: 6/6
  1564 | D:2      | Found Xeipog's Distillery.
  2211 | D:3      | Found a basalt altar of Yredelemnul.
  2357 | D:3      | Reached skill level 2 in Unarmed Combat
  2652 | D:3      | Found a sparkling altar of Nemelex Xobeh.
  2652 | D:3      | Found a transporter.
  2652 | D:3      | Noticed a sky beast
  2699 | D:3      | Found Xagyotah's Assorted Antiques.
  3295 | D:4      | Noticed Eustachio
  3300 | D:4      | Killed Eustachio
  3301 | D:4      | Reached skill level 3 in Unarmed Combat
  3301 | D:4      | Reached XP level 5. HP: 36/36 MP: 6/8
  3301 | D:4      | Reached XP level 6. HP: 42/42 MP: 6/9
  3621 | D:4      | Noticed Menkaure
  3627 | D:4      | Killed Menkaure
  3628 | D:4      | Reached skill level 4 in Unarmed Combat
  4126 | D:4      | Found a snail-covered altar of Cheibriados.
  4316 | D:4      | Found a staircase to the Ecumenical Temple.
  4442 | Temple   | Entered the Ecumenical Temple
  4598 | D:5      | Entered Level 5 of the Dungeon
  4610 | D:5      | Reached XP level 7. HP: 27/47 MP: 11/11
  4818 | D:5      | Reached skill level 5 in Unarmed Combat
  5175 | D:5      | Slain by an ogre

Illustrated notes

Levels and vault maps discovered:
D:1:      matt_arrival_los_fun, layout_rooms,
          hellmonk_ecumenical_altar_arch_garden
D:2:      layout_basic, serial_shops, shop
D:3:      minmay_evil_eye, layout_loops_ring, grunt_nemelex_the_gamble,
          mainiacjoe_overflow_alcove_1, serial_shops, shop
D:4:      layout_basic, mainiacjoe_overflow_brackets, temple_hall,
          uniq_menkaure, uniq_eustachio
D:5:      layout_loops_ring
Temple:   regret_index_temple_waves

Skill      XL: |  1  2  3  4  5  6  7 |
---------------+----------------------+-----
Spellcasting   | 1 2 3 |  3.3
Fighting       | 2 3 4 |  4.2
Unarmed Combat | 1 3 4 5 |  5.6
Dodging        | |  2.3
Stealth        | |  1.3
Evocations     | |  3.7

Action                   |  1- 3 |  4- 6 |  7- 9 || total
-------------------------+-------+-------+-------++-------
Melee: Club              |     4 |       |       ||     4
       Tentacles         |    21 |    25 |    10 ||    56
       Constrict         |    20 |    28 |    11 ||    59
       Unarmed           |    67 |   104 |    42 ||   213
       Punch             |       |     3 |       ||     3
Evoke: Wand              |     3 |     7 |     4 ||    14
 Stab: Sleeping          |     8 |    11 |     2 ||    21
Armor: Skin              |     5 |     9 |       ||    14
Dodge: Dodged            |    31 |    51 |    25 ||   107
